 Dungeon Crawl Stone Soup version 0.26-a0-611-g354ed81502 (webtiles) character file.

Game seed: 12200119204716064926

4270 Peloso the Carver (level 10, 0/129 HPs)
             Began as a Minotaur Fighter on Sept 5, 2020.
             Was an Initiate of Okawaru.
             Succumbed to a killer bee's poison
             ... on level 7 of the Dungeon.
             The game lasted 00:20:42 (7198 turns).

Peloso the Carver (Minotaur Fighter)                Turns: 7198, Time: 00:20:42

Health: 0/129      AC: 25    Str: 23    XL:     10   Next: 10%
Magic:  0/10       EV:  2    Int: 11    God:    Okawaru [......]
Gold:   350        SH: 11    Dex: 11    Spells: 9/9 levels left

rFire    + . .     SeeInvis .   a - +4 falchion (curse)
rCold    x . .     Faith    .   c - +0 kite shield
rNeg     + + +     Spirit   +   (armour currently unavailable)
rPois    +         Reflect  .   (helmet currently unavailable)
rElec    .         Harm     .   (cloak currently unavailable)
rCorr    .         NoTele   +   (gloves currently unavailable)
MR       .....                  (boots currently unavailable)
Stlth    +.........             x - amulet of guardian spirit
HPRegen  0.31/turn              h - +6 ring of intelligence
MPRegen  0.12/turn              D - ring of fire

@: lethally poisoned (0 -> -6), tree-form, stab, hasted, drained, very quick
A: (retaliatory headbutt), high mp 1
a: Renounce Religion


You were on level 7 of the Dungeon.
You worshipped Okawaru.
Okawaru was noncommittal.
You were a tree.
You visited 2 branches of the dungeon, and saw 8 of its levels.

You collected 425 gold pieces.
You spent 75 gold pieces at shops.

Inventory:

Hand Weapons
 a - a cursed +4 falchion (weapon)
 b - a +2 whip of flaming
Missiles
 g - 73 bolts
Armour
 c - a +0 kite shield (worn)
 r - a +0 plate armour (melded)
Jewellery
 h - a +6 ring of intelligence (left branch)
 x - an amulet of guardian spirit (around neck)
 z - an uncursed ring of see invisible
 D - a ring of fire (right branch)
Wands
 k - a wand of paralysis (5)
 y - a wand of polymorph (11)
 B - a wand of enslavement (7)
Scrolls
 e - a scroll of immolation {unknown}
 f - 3 scrolls of remove curse
 j - 2 scrolls of amnesia {unknown}
 l - 3 scrolls of noise
 m - a scroll of enchant armour {unknown}
 n - 8 scrolls of teleportation {unknown}
 p - 3 scrolls of enchant weapon {unknown}
 q - 2 scrolls of blinking {unknown}
 s - 4 scrolls of identify {unknown}
 w - a scroll of fog {unknown}
 C - a scroll of fear {unknown}
Potions
 d - a potion of might
 i - 2 potions of degeneration
 t - a potion of mutation


   Skills:
 + Level 7.4(6.4) Fighting
 + Level 10.3(9.2) Long Blades
 + Level 9.3(8.3) Armour
 + Level 2.3(1.5) Dodging
 + Level 1.7(0.9) Stealth
 + Level 9.6(8.5) Shields


You had 9 spell levels left.
You didn't know any spells.
Your spell library was empty.

Dungeon Overview and Level Annotations

Branches:
Dungeon (7/15)             Temple (1/1) D:7

Altars:
Ashenzari
Cheibriados
Dithmenos
Fedhas
Gozag
Hepliaklqana
Kikubaaqudgha
Makhleb
Nemelex Xobeh
Okawaru
Qazlal
Ru
Trog
Vehumet
Wu Jian
Xom
Yredelemnul

Shops:
D:6 !

Annotations:
D:3 1 runed translucent door, paps's ghost, weakling OpDe


Innate Abilities, Weirdness & Mutations

((You reflexively headbutt those who attack you in melee.))
((You have a pair of horns on your head.))
((Your flesh is heat resistant. (rF+)))
You have an increased reservoir of magic. (+10% MP)


Message History

As you read the scroll labeled BIESYUDAMME, it crumbles to dust.
You hear a loud clanging noise!
It was a scroll of noise.
You feel sick. The killer bee stings you.
* * * LOW HITPOINT WARNING * * *
You block the killer bee's attack.
It was a potion of stabbing.
You feel ready to backstab.
* * * LOW HITPOINT WARNING * * *
You feel sick. The killer bee stings you.
* * * LOW HITPOINT WARNING * * *
It was a potion of haste.
You feel yourself speed up. The killer bee stings you.
* * * LOW HITPOINT WARNING * * *
You are more poisoned.
The killer bee poisons you!
The killer bee stings you but does no damage.
It was a potion of lignification.
You turn into a tree.
Your +0 plate armour melds into your body.
Your roots penetrate the ground.
You die...

#.##.###..# #.##.# #..#
#.##.###..# #.##.##....
#.##.##.... #.........#
###...#..##
#.#############.#....##
#.yyyy♣....)).(...#..##
################.##..#
#.##..## ###.##....
....##..## ........#
###..##[# #.. #.#
#..##.#


You could see 4 killer bees.

Vanquished Creatures
  Harold (D:7)
  Pikel (D:7)
  Joseph (D:7)
  Maggie (D:6)
  A hippogriff (D:7)
  Menkaure (D:6)
  A water moccasin (D:6)
  An orc warrior (D:6)
  An ice beast (D:5)
  4 ogres
  2 phantoms (D:7)
  A centaur (D:6)
  2 bullfrogs
  12 wights (D:7)
  A centaur zombie (D:5)
  3 jellies
  4 orc priests
  A bullfrog skeleton (D:7)
  2 centaur skeletons
  An iguana (D:7)
  4 orc wizards
  2 worker ants
  A hound skeleton (D:6)
  3 adders
  2 white imps (D:7)
  An ufetubus (D:5)
  An ooze (D:2)
  3 worms
  A dart slug (D:1)
  4 leopard geckos
  28 orcs
  A ball python (D:3)
  6 giant cockroaches
  6 goblins
  4 hobgoblins
  10 jackals
  3 kobolds
  4 bats
  7 frilled lizards
  5 rats (D:1)
138 creatures vanquished.

Notes
Turn   | Place    | Note
-------+----------+-------------------------------------------
     0 | D:1      | Peloso the Minotaur Fighter began the quest for the Orb.
     0 | D:1      | Reached XP level 1. HP: 19/19 MP: 0/0
   159 | D:1      | Gained mutation: You have an increased reservoir of magic.
                  | (+10% MP) [potion of mutation]
   159 | D:1      | Gained mutation: Your flesh is heat resistant. (rF+)
                  | [potion of mutation]
   244 | D:1      | Reached XP level 2. HP: 27/27 MP: 1/1
   700 | D:1      | Reached XP level 3. HP: 33/33 MP: 2/2
  1346 | D:2      | Found a faded altar of an unknown god.
  1655 | D:2      | Reached skill level 3 in Long Blades
  2000 | D:3      | Reached XP level 4. HP: 37/40 MP: 3/3
  2015 | D:3      | Paralysed by an orc for 4 turns
  2327 | D:3      | Found a sacrificial altar of Ru.
  2578 | D:3      | Noticed paps's ghost (weakling OpDe)
  2581 | D:3      | Found a runed translucent door.
  2776 | D:4      | Noticed an ogre
  2792 | D:4      | Killed an ogre
  2792 | D:4      | Reached skill level 4 in Long Blades
  2792 | D:4      | Reached skill level 5 in Armour
  2792 | D:4      | Reached skill level 1 in Dodging
  2792 | D:4      | Reached XP level 5. HP: 43/47 MP: 4/4
  3027 | D:4      | Reached skill level 5 in Shields
  3027 | D:4      | Reached XP level 6. HP: 39/53 MP: 5/5
  3384 | D:5      | Entered Level 5 of the Dungeon
  3489 | D:5      | Found a shimmering altar of Xom.
  3670 | D:5      | Found a basalt altar of Yredelemnul.
  3679 | D:5      | Reached skill level 5 in Long Blades
  3779 | D:5      | Noticed an ice beast
  3785 | D:5      | Killed an ice beast
  3785 | D:5      | Reached skill level 1 in Stealth
  3785 | D:5      | Reached XP level 7. HP: 45/60 MP: 6/6
  3869 | D:5      | Found a sparkling altar of Nemelex Xobeh.
  3869 | D:5      | Found a sacrificial altar of Ru.
  4226 | D:6      | Noticed Menkaure
  4236 | D:5      | Reached skill level 5 in Fighting
  4340 | D:6      | Killed Menkaure
  4340 | D:6      | Reached skill level 6 in Long Blades
  4358 | D:6      | Noticed Maggie
  4508 | D:6      | Killed Maggie
  4508 | D:6      | Reached skill level 7 in Long Blades
  4508 | D:6      | Reached XP level 8. HP: 28/69 MP: 7/7
  5275 | D:6      | Reached skill level 8 in Long Blades
  5479 | D:6      | Found Veuklarya's Distillery.
  5482 | D:6      | Bought a potion of heal wounds for 75 gold pieces
  5988 | D:7      | Noticed a hippogriff
  6006 | D:7      | Killed a hippogriff
  6006 | D:7      | Reached XP level 9. HP: 60/75 MP: 8/8
  6161 | D:7      | Found a shattered altar of Ashenzari.
  6289 | D:7      | Found a staircase to the Ecumenical Temple.
  6408 | D:7      | Reached skill level 9 in Long Blades
  6523 | D:7      | Noticed Harold
  6535 | D:7      | Noticed Pikel
  6553 | D:7      | Killed Harold
  6565 | D:7      | Killed Pikel
  6565 | D:7      | Reached skill level 10 in Long Blades
  6602 | Temple   | Entered the Ecumenical Temple
  6848 | Temple   | Became a worshipper of Warmaster Okawaru
  7135 | D:7      | Noticed Joseph
  7150 | D:7      | Killed Joseph
  7150 | D:7      | Reached XP level 10. HP: 22/86 MP: 2/10
  7195 | D:7      | HP: 4/86 [killer bee (3)]
  7196 | D:7      | HP: 1/86 [killer bee (2)]
  7198 | D:7      | Succumbed to a killer bee's poison

Illustrated notes

Levels and vault maps discovered:
D:1:      shiori_arrival_elements, layout_basic
D:2:      layout_basic, chequers_ecumenical_altar_simple_redux, minmay_3d_cube
D:3:      layout_loops_ring, hellmonk_ghost_happy_afterlife,
          nicolae_ru_sacrificial_ziggurat
D:4:      layout_cave_pools
D:5:      layout_loops_cross, lemuel_doored_altar,
          chequers_temple_overflow_statue_of_worship, basic_altar
D:6:      layout_basic, serial_shops, shop_statue, st_stairs_13, uniq_maggie,
          uniq_menkaure
D:7:      layout_loops_ring, nicolae_overflow_crystal_walls,
          minmay_temple_entry_proselytizer, uniq_harold, uniq_pikel, uniq_joseph
Temple:   nicolae_temple_elliptical

Skill      XL: |  1  2  3  4  5  6  7  8  9 |
---------------+----------------------------+-----
Fighting       | 4 5 6 7 |  7.4
Armour         | 4 5 6 7 9 |  9.3
Shields        | 4 5 6 8 9 |  9.6
Long Blades    | 3 4 5 7 8 10 | 10.3
Dodging        | 1 2 |  2.3
Stealth        | 1 |  1.7

Action                   |  1- 3 |  4- 6 |  7- 9 | 10-12 || total
-------------------------+-------+-------+-------+-------++-------
Melee: Long sword        |   130 |    86 |   182 |       ||   398
       Headbutt          |    16 |    18 |    58 |     8 ||   100
       Falchion          |       |       |    92 |    36 ||   128
Evoke: Wand              |       |     1 |       |       ||     1
  Use: Potion            |     4 |       |     1 |     4 ||     9
       Scroll            |       |     1 |       |     1 ||     2
 Stab: Paralysed         |       |     3 |       |       ||     3
Armor: Scale mail        |    78 |    10 |       |       ||    88
       Plate armour      |       |    60 |   112 |     6 ||   178
Dodge: Dodged            |    43 |    25 |    36 |     5 ||   109
Block: Kite shield       |    80 |    53 |   141 |    11 ||   285
       Rpst.: Long sword |    13 |     7 |     8 |       ||    28
       Falchion          |       |       |     3 |     1 ||     4

Table legend: (Time is in decaauts)
 A = Elapsed time spent in this place.
 B = Non-inter-level travel time spent in this place.
 C = Inter-level travel time spent in this place.
 D = Time resting spent in this place.
 E = Time spent auto-exploring this place.
 F = Levels seen in this place.
 G = Mean time per level.
                   A        B        C        D        E       F      G
               +--------+--------+--------+--------+--------+-----+--------+
         Total |   7264 |   7095 |    169 |    372 |   5242 |   8 |  908.0 |
       Dungeon |   6980 |   6812 |    168 |    372 |   5001 |   7 |  997.1 |
        Temple |    283 |    283 |      0 |      0 |    241 |   1 |  283.0 |
               +--------+--------+--------+--------+--------+-----+--------+

Top non-repeatable levels by time:
     D:6: 1525 daAuts
     D:5: 1071 daAuts
     D:1: 1053 daAuts
     D:2: 994 daAuts
     D:7: 943 daAuts
     D:3: 778 daAuts
     D:4: 613 daAuts
  Temple: 283 daAuts
